 Dungeon Crawl Stone Soup version 0.31-a0-1626-g5cb510d322 (webtiles) character file.

Game seed: 6335080482059035741

1682 jasper the Geomancer (level 8, -9/61 HPs)
             Began as an Armataur Earth Elementalist on Jan 12, 2024.
             Was a Follower of Kikubaaqudgha.
             Mangled by a red devil
             ... wielding a +1 demon trident of venom
             ... summoned by a kobold demonologist
              (25 damage)
             ... on level 7 of the Dungeon.
             The game lasted 00:10:39 (6008 turns).

jasper the Geomancer (Armataur Earth Elementalist)  Turns: 6008, Time: 00:10:40

Health: -9/61      AC:  6    Str: 14    XL:     8   Next: 71%
Magic:  12/13      EV: 10    Int: 18    God:    Kikubaaqudgha [*.....]
Gold:   199        SH:  0    Dex: 16    Spells: 2/14 levels left

rFire   . . .        e - +5 double sword (pain)
rCold   . . .        (no shield)
rNeg    . . .        a - +0 robe
rPois   .            y - +1 helmet
rElec   .            (no cloak)
rCorr   +            (no gloves)
SInv    .            (no barding)
Will    .....        (no amulet)
Stlth   +            k - ring of resist corrosion
HPRegen 0.30/turn    f - +6 ring of dexterity
MPRegen 0.13/turn

%: roll
@: on fire, glowing
A: large, deformed body, tough skin 3, armoured tail, roll 2
a: Renounce Religion, Unearth Wretches


You were on level 7 of the Dungeon.
You worshipped Kikubaaqudgha.
Kikubaaqudgha was aware of your devotion.
You visited 2 branches of the dungeon, and saw 8 of its levels.
You also visited: Sewer.

You collected 253 gold pieces.
You spent 54 gold pieces at shops.

Inventory:

Hand Weapons
 d - a +0 club
 e - a +5 double sword of pain (weapon)
 g - a +0 whip
 o - a +1 dagger of draining
Missiles
 c - 78 stones
 p - 5 javelins
 E - a curare-tipped dart
Armour
 a - a +0 robe (worn)
 i - an orb of energy
 n - a +0 ring mail
 y - a +1 helmet (worn)
Jewellery
 f - a +6 ring of dexterity (right hand)
 k - a ring of resist corrosion (left hand)
 m - a +6 ring of dexterity
 q - a ring of protection from fire
 w - a ring of flight
 C - a ring of ice
Wands
 l - a wand of polymorph (19)
 r - a wand of paralysis (8)
Scrolls
 b - a scroll of vulnerability
 s - 2 scrolls of noise
 t - 2 scrolls of teleportation
 u - a scroll of revelation
 H - 3 scrolls of enchant weapon
Potions
 h - a potion of magic
 j - 4 potions of mutation
 v - a potion of berserk rage {unknown}
 z - 2 potions of might {unknown}
 A - a potion of attraction {unknown}
 B - a potion of curing
 D - 3 potions of brilliance {unknown}
 F - a potion of resistance {unknown}
 G - a potion of ambrosia {unknown}


   Skills:
 - Level 2.2 Fighting
 - Level 2.1 Long Blades
 - Level 1.3 Dodging
 - Level 2.1 Stealth
 + Level 3.8 Spellcasting
 - Level 2.0 Conjurations
 * Level 3.3 Necromancy
 - Level 8.0 Earth Magic


You had 2 spell levels left.
You knew the following spells:

 Your Spells              Type           Power      Damage    Failure   Level
a - Sandblast             Erth           64%        2d14      1%          1
b - Passwall              Erth           32%        N/A       1%          3
c - Stone Arrow           Conj/Erth      42%        3d9       5%          3
d - Sublimation of Blood  Necr           15%        N/A       5%          2
e - Vampiric Draining     Necr           15%        2d7       11%         3

Your spell library contained the following spells:

 Spells                   Type           Power      Damage    Failure   Level
 Necrotise                Necr           60%        1d7       3%          1
 Ensorcelled Hibernation  Hex/Ice        6%         N/A       22%         2
 Fugue of the Fallen      Necr           15%        N/A       11%         3
 Brom's Barrelling Bould  Conj/Erth      21%        2d4       19%         4
 Petrify                  Alch/Erth      17%        N/A       28%         4
 Ozocubu's Armour         Ice            3%         N/A       41%         3
 Swiftness                Air            3%         N/A       41%         3
 Manifold Assault         Tloc           3%         N/A       83%         4


Dungeon Overview and Level Annotations

Branches:
Dungeon (7/15)             Temple (1/1) D:5           Sewer (visited)

Altars:
Ashenzari
Dithmenos
Elyvilon
Fedhas
Gozag
Hepliaklqana
Kikubaaqudgha
Okawaru
Trog
Uskayaw
Xom
Zin

Shops:
D:6 [

Annotations:
D:1 1 transporter
D:2 1 runed translucent door, Crazy Yiuf


Innate Abilities, Weirdness & Mutations

Armour fits poorly on your strangely shaped body.
You have extremely tough skin. (AC +3)
You have a long armoured tail.
You regenerate magic and health when rolling toward enemies. (Rampage Regen)


Message History

Done waiting.
You climb downwards.
The kobold demonologist barely misses you.
The kobold demonologist hits you but does no damage.
There is a stone staircase leading up, spattered with blood here.
You slash the kobold demonologist!
The kobold demonologist writhes in agony.
The kobold demonologist is heavily wounded.
The kobold demonologist closely misses you.
You barely miss the kobold demonologist.
The kobold demonologist is heavily wounded.
The kobold demonologist hits you but does no damage.
The kobold demonologist mumbles some strange words.
You slash the kobold demonologist!
The kobold demonologist is severely wounded.
The kobold demonologist mumbles some strange words.
The smoke demon gestures at you. The pyre arrow hits you.
You are covered in intense liquid fire!
You closely miss the kobold demonologist.
The kobold demonologist is severely wounded.
The liquid fire burns you! The ufetubus slips past you! The ufetubus hits you.
The ufetubus hits you but does no damage.
The kobold demonologist gestures wildly while chanting. x2
You take 18 damage, and have 43/61 hp.
MASSIVE DAMAGE!!
Casting: Sandblast (safe; 1% risk of failure)
Confirm with . or Enter, or press ? or * to list all spells.
Aiming: Sandblast (safe; 1% risk of failure)
Press: ? - help, Shift-Dir - straight line, f - kobold demonologist
Aim: a kobold demonologist, wielding a +0 dagger and wearing a +0 robe (severely wounded, 78% to hit)
The blast of sand hits the kobold demonologist.
The kobold demonologist is severely wounded.
The liquid fire burns you! The smoke demon gestures at you.
Something smites you!
* * * LOW HITPOINT WARNING * * *
The red devil hits you from afar with a +1 demon trident of venom!!
You die...
Kikubaaqudgha rasps: "You have failed me!
Welcome... death!"

.?...........#........+
.............#........
..........#...#####.##
..........#.#.# #
......?...#.#...
.........!#.###...
............# #.....
..........#.........
.......@54..##......
#####.53K..## .....
###.5.3# . ##.....
##...## #..... ##.....
.....


You could see a kobold demonologist, a smoke demon (summoned), a neqoxec
(summoned), a red devil (summoned), a white imp (summoned), a shadow imp
(summoned) and an ufetubus (summoned).

Vanquished Creatures
  A water moccasin (D:5)
  A black bear (D:4)
  A sky beast (D:7)
  An ogre (D:4)
  A phantom (D:5)
  3 kobold brigands (Sewer)
  2 bullfrogs (D:6)
  A gnoll sergeant (D:6)
  2 scorpions (D:5)
  2 howler monkeys
  4 hounds
  A jelly (D:6)
  An orc priest (D:5)
  A gnoll bouda (D:5)
  3 iguanas
  13 gnolls
  10 adders
  3 river rats
  4 ufetubi
  3 dart slugs
  3 ribbon worms
  3 orcs
  8 ball pythons
  3 bats
  10 endoplasms
  10 giant cockroaches
  7 goblins
  11 hobgoblins
  4 jackals (D:3)
  3 quokkas
  6 frilled lizards
  10 kobolds
  7 rats
143 creatures vanquished.

Notes
Turn   | Place    | Note
-------+----------+-------------------------------------------
     0 | D:1      | jasper the Armataur Earth Elementalist began the quest for
                  | the Orb.
     0 | D:1      | Reached XP level 1. HP: 14/14 MP: 3/3
    31 | D:1      | Reached skill level 1 in Conjurations
    53 | D:1      | Reached skill level 3 in Earth Magic
   123 | D:1      | Reached XP level 2. HP: 20/20 MP: 2/4
   342 | D:1      | Found a faded altar of an unknown god.
   356 | D:1      | Reached XP level 3. HP: 6/26 MP: 1/5
   360 | D:1      | Learned a level 3 spell: Passwall
   846 | D:1      | Identified a scroll of acquirement
   846 | D:1      | Acquired a +4 double sword of pain
  1099 | D:2      | Reached skill level 4 in Earth Magic
  1123 | D:2      | Reached XP level 4. HP: 33/33 MP: 4/6
  1367 | D:2      | Found a broken altar of Ashenzari.
  1435 | D:2      | Found a runed translucent door.
  1436 | D:2      | Noticed Crazy Yiuf
  2483 | D:3      | Reached XP level 5. HP: 38/38 MP: 3/7
  2489 | D:3      | Learned a level 3 spell: Stone Arrow
  2747 | D:4      | Noticed an ogre
  2753 | D:4      | Killed an ogre
  2754 | D:4      | Reached skill level 5 in Earth Magic
  2828 | D:4      | Reached XP level 6. HP: 12/45 MP: 0/8
  2983 | D:4      | Reached skill level 6 in Earth Magic
  3435 | D:5      | Entered Level 5 of the Dungeon
  3627 | D:5      | Found a hide-covered altar of Uskayaw.
  3635 | D:5      | Reached skill level 7 in Earth Magic
  3651 | D:5      | Gained mutation: You regenerate magic and health when
                  | rolling toward enemies. (Rampage Regen) [Armataur growth]
  3651 | D:5      | Reached XP level 7. HP: 50/50 MP: 5/9
  3940 | D:5      | Found a staircase to the Ecumenical Temple.
  3949 | Temple   | Entered the Ecumenical Temple
  3955 | Temple   | Became a worshipper of Kikubaaqudgha
  4029 | D:5      | Reached skill level 8 in Earth Magic
  4254 | D:5      | Reached skill level 1 in Fighting
  4254 | D:5      | Reached skill level 1 in Long Blades
  4606 | D:6      | Found Jeso's Armour Boutique.
  4609 | D:6      | Bought a +0 helmet for 54 gold pieces
  4808 | D:6      | Reached XP level 8. HP: 60/60 MP: 8/11
  4944 | D:6      | Found a glowing drain.
  4948 | Sewer    | Entered a sewer
  5085 | Sewer    | Reached * piety under Kikubaaqudgha
  5085 | Sewer    | Received a gift from Kikubaaqudgha
  5089 | Sewer    | Learned a level 2 spell: Sublimation of Blood
  5093 | Sewer    | Learned a level 3 spell: Vampiric Draining
  5148 | Sewer    | Reached skill level 1 in Necromancy
  5813 | D:7      | Noticed a kobold demonologist
  5899 | D:7      | Noticed an ice devil
  6006 | D:7      | Noticed a smoke demon
  6008 | D:7      | Noticed a red devil
  6008 | D:7      | Mangled by a red devil

Illustrated notes

Levels and vault maps discovered:
D:1:      spicycebolla_arrival_risky_transporter, layout_basic,
          shapermc_ecumenical_altar_pompeii, minmay_worlds_worst_comb
D:2:      layout_basic, basic_altar, serial_curves, eino_curves_01,
          eino_curves_03, eino_curves_03, eino_curves_03,
          uniq_crazy_yiuf_cottage
D:3:      layout_basic
D:4:      layout_rooms
D:5:      layout_loops_ring, mainiacjoe_overflow_cross_hatched,
          minmay_temple_entry_proselytizer, nicolae_eternal_life
D:6:      layout_loops_ring, gup_sewer_entry_bowl, serial_shops,
          nicolae_shop_tiny_real_fake_doors
D:7:      layout_rooms, mainiacjoe_overflow_six_doors_small,
          nicolae_ru_path_of_blood, minmay_large_rounded_square
Temple:   hellmonk_temple_rainy

Skill      XL: |  1  2  3  4  5  6  7  8 |
---------------+-------------------------+-----
Conjurations   | 1 2 |  2.0
Earth Magic    | 3 4 5 7 8 |  8.0
Spellcasting   | 2 3 |  3.8
Fighting       | 1 2 |  2.2
Long Blades    | 1 2 |  2.1
Necromancy     | 3 |  3.3
Dodging        | |  1.3
Stealth        | |  2.1

Action                     |  1- 3 |  4- 6 |  7- 9 || total
---------------------------+-------+-------+-------++-------
  Melee: Unarmed           |     3 |       |       ||     3
         Whip              |    25 |       |       ||    25
         Tailslap          |     1 |       |     6 ||     7
         Double sword      |       |     5 |    55 ||    60
         Punch             |       |       |     1 ||     1
   Cast: Sandblast         |    56 |   103 |    73 ||   232
    Use: Potion            |     1 |     1 |       ||     2
         Scroll            |     2 |     9 |     2 ||    13
   Stab: Sleeping          |       |       |     2 ||     2
 Armour: Robe              |    44 |    55 |    92 ||   191
  Dodge: Dodged            |    42 |    31 |    58 ||   131

Table legend: (Time is in decaauts)
 A = Elapsed time spent in this place.
 B = Non-inter-level travel time spent in this place.
 C = Inter-level travel time spent in this place.
 D = Time resting spent in this place.
 E = Time spent auto-exploring this place.
 F = Levels seen in this place.
 G = Mean time per level.
                   A        B        C        D        E       F      G
               +--------+--------+--------+--------+--------+-----+--------+
         Total |   6147 |   5898 |    249 |    294 |   4565 |   9 |  683.0 |
       Dungeon |   5811 |   5572 |    239 |    294 |   4386 |   7 |  830.1 |
        Temple |     12 |      2 |     10 |      0 |      0 |   1 |   12.0 |
         Sewer |    323 |    323 |      0 |      0 |    179 |   1 |  323.0 |
               +--------+--------+--------+--------+--------+-----+--------+

Top non-repeatable levels by time:
     D:5: 1172 daAuts
     D:6: 1049 daAuts
     D:2: 1017 daAuts
     D:1: 937 daAuts
     D:3: 818 daAuts
     D:4: 735 daAuts
   Sewer: 323 daAuts
     D:7: 80 daAuts
  Temple: 12 daAuts
